 Dungeon Crawl Stone Soup version 0.17.0-25-gefc9c12 (webtiles) character file.

8445 stefzke33 the Basher (level 11, -4/107 HPs)
             Began as a Troll Berserker on Nov 18, 2015.
             Was a High Priest of Trog.
             Slain by a white ugly thing (15 damage)
             ... on level 10 of the Dungeon.
             The game lasted 00:44:53 (9334 turns).

stefzke33 the Basher (Troll Berserker)              Turns: 9334, Time: 00:44:56

Health: -4/107     AC:  9    Str: 27    XL:     11   Next: 10%
Magic:  10/10      EV: 13    Int:  6    God:    Trog [*****.]
Gold:   600        SH:  0    Dex:  9    Spells: 0 memorised, 10 levels left

rFire  . . .     SeeInvis .     a - +0 mace
rCold  + . .     Clarity  .     w - +2 robe {MR+}
rNeg   . . .     SustAt   .     (no shield)
rPois  .         Gourm    +     B - +1 hat
rElec  .         Spirit   .     r - +0 cloak
rCorr  .         Warding  .     (gloves unavailable)
rMut   .         Stasis   .     (boots unavailable)
MR     +....                    (no amulet)
Stlth  +.........               s - ring of protection from cold
                                e - +4 ring of slaying

@: exhausted, liquid flames, slowed, glowing, very slow, somewhat resistant to
hostile enchantments, very unstealthy
A: unfitting armour, claws 3, fast metabolism 3, gourmand, regeneration 2,
shaggy fur 1, tough skin 2
a: Berserk, Trog's Hand, Brothers in Arms, Burn Spellbooks, Renounce Religion


You were on level 10 of the Dungeon.
You worshipped Trog.
Trog was extremely pleased with you.
You were not hungry.

You visited 1 branch of the dungeon, and saw 11 of its levels.

You collected 691 gold pieces.
You spent 91 gold pieces at shops.

Inventory:

Hand Weapons
 a - a +0 mace (weapon)
Armour
 b - a +0 animal skin
 r - a +0 cloak (worn)
 w - a +2 robe of magic resistance (worn)
 B - a +1 hat (worn)
Jewellery
 e - a +4 ring of slaying (left claw)
 s - a ring of protection from cold (right claw)
 y - an uncursed ring of poison resistance
 I - a +1 ring of protection
 N - a +3 ring of strength
 W - an uncursed ring of see invisible {unknown}
Wands
 x - a wand of teleportation (7)
 D - a wand of enslavement (7)
 F - a wand of fireball (10)
 G - a wand of lightning (2)
 H - a wand of digging (5)
 M - a wand of disintegration (16)
 S - a wand of digging (20)
 U - a wand of flame (39)
Scrolls
 g - 9 scrolls of teleportation
 h - 2 scrolls of fog {unknown}
 i - 2 scrolls of noise {unknown}
 m - 5 scrolls of identify
 n - 3 scrolls of recharging {unknown}
 q - 3 scrolls of magic mapping {unknown}
 t - 5 scrolls of remove curse {unknown}
 z - 2 scrolls of enchant armour {unknown}
 E - a scroll of holy word {unknown}
 P - a scroll of amnesia {unknown}
 X - a scroll of fear {unknown}
Potions
 f - 5 potions of curing
 k - 3 potions of lignification
 l - a potion of invisibility
 p - 4 potions of heal wounds {unknown}
 u - 3 potions of haste {unknown}
 v - 4 potions of poison {unknown}
 C - 2 potions of flight {unknown}
 J - 2 potions of berserk rage {unknown}
 K - a potion of beneficial mutation {unknown}
 Q - a potion of agility {unknown}
 T - a potion of resistance
 V - a potion of cure mutation {unknown}
 Y - a potion of cancellation {unknown}
Books
 A - a book of Hinderance

   Spells                             Type                      Level
   a - Confusing Touch                Hexes                        2
   b - Confuse                        Hexes                        3
   c - Gell's Gravitas                Hexes/Translocation          3
   d - Petrify                        Transmutation/Earth          4
   e - Metabolic Englaciation         Hexes/Ice                    5
   Trog disapproves of the use of such an item.
 L - a book of Flames

   Spells                             Type                      Level
   a - Flame Tongue                   Conjuration/Fire             1
   b - Throw Flame                    Conjuration/Fire             2
   c - Conjure Flame                  Conjuration/Fire             3
   d - Inner Flame                    Hexes/Fire                   3
   e - Sticky Flame                   Conjuration/Fire             4
   f - Fireball                       Conjuration/Fire             5
   Trog disapproves of the use of such an item.
Miscellaneous
 R - a plain deck of summoning
Comestibles
 c - 7 bread rations
 d - 16 fruits
 j - 7 meat rations
 o - 3 beef jerkies
 O - 6 slices of pizza


   Skills:
 + Level 6.4 Fighting
 * Level 10.4 Maces & Flails
 + Level 9.8 Dodging
 - Level 1.0 Stealth


You had 10 spell levels left.
You didn't know any spells.

Dungeon Overview and Level Annotations

Branches:
Dungeon (11/15)            Temple (0/1) D:4            Lair (0/8) D:8
    Orc: D:9-12

Altars:
Ashenzari
Dithmenos
Kikubaaqudgha
Makhleb
Nemelex Xobeh
Sif Muna
Xom

Shops:
D:4 *[   D:7 *


Innate Abilities, Weirdness & Mutations

You are too large for most types of armour.
You have claws for hands.
Your metabolism is lightning-fast.
You like to eat raw meat.
You heal very quickly.
You are covered in fur (AC +1).
You have very tough skin (AC +2).


Message History

You are covered in liquid flames!
* * * LOW HITPOINT WARNING * * *
You climb upwards.
You feel a strong urge to attack something.
You are covered in liquid flames!
* * * LOW HITPOINT WARNING * * *
There is a stone staircase leading down, spattered with blood here.
You are too berserk!
You are covered in liquid flames!
* * * LOW HITPOINT WARNING * * *
You are no longer berserk.
You are exhausted.
You feel yourself slow down.
You fail to use your ability.
You are covered in liquid flames!
* * * LOW HITPOINT WARNING * * *
The white ugly thing misses you. The white ugly thing gores you.
* * * LOW HITPOINT WARNING * * *
The white ugly thing freezes you! You resist.
You die...

h# #............# .#
#............# .#
#............# .#
#............# .#
#............# .#
#............# .#
#............# .#
#.......u....#
.########......)@....#
................<...<#
.....................#
.....................#
.....................#
............[<.......#
.....>...............#
.....................#
.................>...#


You could see a white ugly thing.

Vanquished Creatures
  2 hill giants (D:10)
  The ghost of Borgoz the Covert, a novice VSAs of Makhleb (D:6)
  Maurice (D:8)
  A centaur zombie (D:7)
  2 deep elf magi
  A yak (D:8)
  A hippogriff (D:11)
  A deep elf fighter (D:8)
  A mottled dragon (D:11)
  2 water moccasins
  A black bear (D:7)
  3 sky beasts
  2 orc warriors
  An ogre (D:9)
  A phantom (D:6)
  3 centaurs
  5 ice beasts
  2 crocodiles (D:8)
  3 big kobolds (D:8)
  Blork the orc (D:4)
  7 giant frogs
  6 killer bees (D:10)
  9 wights
  4 scorpions
  4 jellies
  2 quasits
  7 crimson imps
  4 hounds
  A giant frog zombie (D:6)
  2 iguanas
  2 orc priests
  5 orc wizards
  2 giant frog skeletons
  Jessica (D:2)
  Terence (D:2)
  2 killer bee zombies
  3 worker ants
  2 hound zombies (D:7)
  A worker ant zombie (D:8)
  Robin (D:2)
  11 gnolls
  2 river rats (D:8)
  2 shadow imps
  14 adders
  An ooze (D:3)
  An adder skeleton (D:4)
  4 worms
  7 giant geckos
  36 orcs
  2 ball pythons
  4 giant cockroaches
  19 goblins
  11 hobgoblins
  6 jackals
  8 kobolds
  3 quokkas
  22 bats
  A giant gecko skeleton (D:4)
  A giant gecko zombie (D:3)
  6 giant newts
  A jackal skeleton (D:7)
  13 rats
  A plant (D:8)
277 creatures vanquished.

Vanquished Creatures (collateral kills)
  A hydra (D:8)
  2 yaks (D:8)
  An orc warrior (D:7)
  An orc wizard (D:7)
  2 sheep (D:8)
  A gnoll (D:7)
  An orc (D:7)
9 creatures vanquished.

Vanquished Creatures (others)
  An orc (D:7)
  A plant (D:8)
2 creatures vanquished.

Grand Total: 288 creatures vanquished

Notes
Turn   | Place    | Note
--------------------------------------------------------------
     0 | D:1      | stefzke33 the Troll Berserker began the quest for the Orb.
     0 | D:1      | Reached XP level 1. HP: 22/22 MP: 0/0
   243 | D:1      | Reached XP level 2. HP: 27/29 MP: 1/1
   556 | D:1      | Reached ** piety under Trog
   592 | D:1      | Reached skill level 3 in Dodging
   768 | D:2      | Reached XP level 3. HP: 28/36 MP: 2/2
   907 | D:2      | Noticed Robin
   928 | D:2      | Killed Robin
   945 | D:2      | Noticed Terence
   989 | D:2      | Killed Terence
   989 | D:2      | Reached XP level 4. HP: 22/44 MP: 3/3
  1199 | D:2      | Noticed Jessica
  1212 | D:2      | Killed Jessica
  1581 | D:3      | Reached *** piety under Trog
  1608 | D:3      | Found a shimmering altar of Xom.
  1620 | D:3      | Reached XP level 5. HP: 41/52 MP: 4/4
  1910 | D:3      | Reached skill level 4 in Dodging
  2132 | D:4      | Noticed Blork the orc
  2146 | D:4      | Killed Blork the orc
  2146 | D:4      | Reached XP level 6. HP: 49/61 MP: 5/5
  2535 | D:4      | Found Qewkass's Serpentskin Sales.
  2535 | D:4      | Noticed a water moccasin
  2548 | D:4      | Killed a water moccasin
  2758 | D:4      | Found Cumne's Antique Armour Shoppe.
  2766 | D:4      | Bought a runed robe for 12 gold pieces
  2916 | D:4      | Found a staircase to the Ecumenical Temple.
  2989 | D:5      | Entered Level 5 of the Dungeon
  3060 | D:5      | Reached **** piety under Trog
  3139 | D:5      | Found a sparkling altar of Nemelex Xobeh.
  3149 | D:5      | Reached skill level 5 in Dodging
  3149 | D:5      | Reached skill level 1 in Stealth
  3279 | D:5      | Found a shadowy altar of Dithmenos.
  3311 | D:5      | Found a burning altar of Makhleb.
  3326 | D:5      | Reached XP level 7. HP: 64/67 MP: 6/6
  3940 | D:6      | Noticed Borgoz's ghost (novice VSAs)
  3966 | D:6      | Killed Borgoz's ghost
  3966 | D:6      | Reached skill level 5 in Maces & Flails
  3966 | D:6      | Reached XP level 8. HP: 50/78 MP: 7/7
  4119 | D:6      | Reached skill level 6 in Dodging
  4918 | D:7      | Noticed a centaur zombie
  4930 | D:7      | Killed a centaur zombie
  4930 | D:7      | Reached skill level 7 in Maces & Flails
  4952 | D:7      | Reached XP level 9. HP: 67/85 MP: 8/8
  5102 | D:7      | Found a flagged portal.
  5263 | D:7      | Found Tiredgh's Assorted Antiques.
  5271 | D:7      | Bought a scroll of identify for 42 gold pieces
  5271 | D:7      | Bought 2 fuming blue potions for 37 gold pieces
  5607 | D:7      | Found a shattered altar of Ashenzari.
  5709 | D:7      | Reached skill level 5 in Fighting
  5862 | D:7      | Reached skill level 8 in Maces & Flails
  5994 | D:7      | Reached ***** piety under Trog
  6504 | D:8      | Found an ancient bone altar of Kikubaaqudgha.
  6712 | D:8      | Received a gift from Trog
  6877 | D:8      | Found a staircase to the Lair.
  6881 | D:8      | Reached XP level 10. HP: 96/96 MP: 9/9
  6994 | D:8      | Noticed Maurice
  7096 | D:8      | Killed Maurice
  7096 | D:8      | Reached skill level 9 in Maces & Flails
  7139 | D:8      | Noticed a three-headed hydra
  7164 | D:8      | Killed a three-headed hydra
  7723 | D:9      | Found a shadowy altar of Dithmenos.
  8042 | D:9      | Found a deep blue altar of Sif Muna.
  8140 | D:10     | Entered Level 10 of the Dungeon
  8459 | D:10     | Noticed a hill giant
  8471 | D:10     | Killed a hill giant
  8471 | D:10     | Reached skill level 10 in Maces & Flails
  9125 | D:10     | Reached XP level 11. HP: 99/107 MP: 10/10
  9239 | D:11     | Noticed a hill giant
  9255 | D:10     | Killed a hill giant
  9334 | D:10     | Slain by a white ugly thing

Action                   |  1- 3 |  4- 6 |  7- 9 | 10-12 || total
-------------------------+-------+-------+-------+-------++-------
Melee: Mace              |   135 |   224 |   456 |   313 ||  1128
Invok: Berserk           |     1 |     2 |     4 |     6 ||    13
       Trog's Hand       |     1 |       |       |     1 ||     2
       Brothers in Arms  |       |       |     1 |     2 ||     3
  Use: Scroll            |       |     4 |     2 |     1 ||     7
       Potion            |       |       |     1 |     1 ||     2
 Stab: Sleeping          |     1 |       |     3 |     2 ||     6
  Eat: Chunk             |    15 |    26 |    38 |    24 ||   103
